 Dungeon Crawl Stone Soup version 0.30.1-9-gdf580d7c3d (webtiles) character file.

Game seed: 7587173865497369418

121 Ivernyr the Shield-Bearer (level 5, -12/42 HPs)
             Began as a Formicid Fighter on Oct 6, 2023.
             Killed from afar by Sigmund (19 damage)
             ... with a bolt of dispelling energy
             ... on level 2 of the Dungeon.
             The game lasted 00:03:32 (1505 turns).

Ivernyr the Shield-Bearer (Formicid Fighter)        Turns: 1505, Time: 00:03:32

Health: -12/42     AC:  7    Str: 21    XL:     5   Next: 26%
Magic:  5/5        EV:  9    Int:  7    God:
Gold:   93         SH:  0    Dex: 15    Spells: 4/4 levels left

rFire   . . .        a - +0 long sword
rCold   . . .        c - +0 buckler
rNeg    . . .        b - +0 scale mail
rPois   .            (helmet unavailable)
rElec   .            (no cloak)
rCorr   .            (no gloves)
SInv    +            (no boots)
Will    .....        (no amulet) Stlth
                     (no ring)
HPRegen 0.27/turn    (no ring)
MPRegen 0.09/turn

%: no passive effects
@: confused
A: permanent stasis, dig shafts and tunnels, antennae 3, four strong arms
a: Dig, Shaft Self


You were on level 2 of the Dungeon.
You visited 1 branch of the dungeon, and saw 2 of its levels.

You collected 93 gold pieces.

Inventory:

Hand Weapons
 a - a +0 long sword (weapon)
Armour
 b - a +0 scale mail (worn)
 c - a +0 buckler (worn)
Scrolls
 e - a scroll of immolation {unknown}
 f - a scroll of brand weapon {unknown}
 h - 2 scrolls of identify {unknown}
 i - a scroll of magic mapping {unknown}
 k - a scroll of teleportation {unknown}
 l - a scroll of amnesia {unknown}
 n - a scroll of fear {unknown}
Potions
 g - a potion of haste {unknown}
 j - a potion of berserk rage {unknown}
 m - a potion of curing {unknown}


   Skills:
 + Level 4.0 Fighting
 * Level 3.5 Long Blades
 + Level 4.0 Armour
 + Level 4.8 Shields


You had 4 spell levels left.
You didn't know any spells.
Your spell library was empty.

Dungeon Overview and Level Annotations

Branches:
Dungeon (2/15)

Altars:

Annotations:
D:2 Sigmund


Innate Abilities, Weirdness & Mutations

You cannot be hasted, slowed, berserked, paralysed or teleported.
You can dig through walls and to a lower floor.
You have a pair of large antennae on your head. (SInv)
Your four strong arms can wield two-handed weapons with a shield.


Message History

Sigmund barely misses you.
You feel very mighty all of a sudden. Sigmund asks, "Do you like me?"
Sigmund zaps a wand.
The bolt of dispelling energy hits you!
Your magical effects are unravelling.
You closely miss Sigmund.
You feel a little less mighty now. Sigmund hits you with a +0 scythe.
You hit Sigmund.
Sigmund is lightly wounded.
Sigmund zaps a wand.
The bolt of dispelling energy hits you!
You completely miss Sigmund.
Sigmund is lightly wounded.
Sigmund casts a spell at you. You resist with some effort.
You closely miss Sigmund.
Sigmund is lightly wounded.
Sigmund points at you and mumbles some strange words.
The puff of flame hits you.
* * * LOW HITPOINT WARNING * * *
Unknown command.
You barely miss Sigmund.
Sigmund is lightly wounded.
Sigmund closely misses you.
You hit Sigmund.
Sigmund is lightly wounded.
Sigmund closely misses you.
You hit Sigmund.
Sigmund is moderately wounded.
Sigmund points at you and mumbles some strange words.
You are confused.
You're too confused to move!
Sigmund casts a spell at you. The magic dart hits you.
* * * LOW HITPOINT WARNING * * *
Sigmund attacks as you move away! Sigmund hits you but does no damage.
Sigmund zaps a wand.
The bolt of dispelling energy hits you!!
Your magical effects are unravelling.
You die...

#######........##.......#
.gg............##.......#
..{............######.###
..#####........# #.#
#........# #.#
#........######.#
###########.....#
#.......# #.@.....#
#...###.# #..@# #.# +....
... #...###..# +.... ..#
#...# #.... #.##.


You could see Sigmund.

Vanquished Creatures
  An iguana (D:2)
  3 gnolls
  2 adders (D:2)
  2 worms (D:2)
  A dart slug (D:1)
  8 ball pythons
  2 bats (D:1)
  4 endoplasms (D:1)
  2 giant cockroaches (D:1)
  6 goblins
  4 hobgoblins
  A kobold (D:1)
  5 frilled lizards (D:1)
  3 rats
44 creatures vanquished.

Notes
Turn   | Place    | Note
-------+----------+-------------------------------------------
     0 | D:1      | Ivernyr the Formicid Fighter began the quest for the Orb.
     0 | D:1      | Reached XP level 1. HP: 18/18 MP: 1/1
   182 | D:1      | Reached XP level 2. HP: 18/24 MP: 2/2
   420 | D:1      | Reached XP level 3. HP: 29/29 MP: 3/3
  1016 | D:2      | Reached XP level 4. HP: 36/37 MP: 4/4
  1062 | D:2      | Found a faded altar of an unknown god.
  1323 | D:1      | Reached XP level 5. HP: 42/42 MP: 5/5
  1494 | D:2      | Noticed Sigmund
  1505 | D:2      | Killed from afar by Sigmund

Illustrated notes

Levels and vault maps discovered:
D:1:      dpeg_arrival_solitude, layout_rooms, minivault_14,
          kennysheep_another_room, amcnicky_mini_pool_small, minivault_23,
          minmay_tromino_i2
D:2:      layout_basic, basic_ecumenical_altar, uniq_sigmund

Skill      XL: |  1  2  3  4  5 |
---------------+----------------+-----
Long Blades    | 3 |  3.5
Armour         | 4 |  4.0
Fighting       | 4 |  4.0
Shields        | |  4.8

Action                     |  1- 3 |  4- 6 || total
---------------------------+-------+-------++-------
  Melee: Long sword        |   109 |    56 ||   165
    Use: Potion            |       |     1 ||     1
 Armour: Scale mail        |    64 |    12 ||    76
  Dodge: Dodged            |    60 |    22 ||    82
  Block: Buckler           |    23 |    10 ||    33
